Map: 暮色之塔

Players

Quail

  • Race: Protoss Protoss
  • League: Diamond

半杯水 - Winner!

  • Race: Zerg Zerg
  • League: Diamond

VOD

Have the link to the VOD?

Description

Time

  • Played on: Dec. 5, 2015, 9:28 a.m.
  • Length: 7:50
Show
View Real Time Build Order
Export as new Build Order

Quail Protoss 

Build Orders: 1 Gate Expand 

Get SALT Encoding   

  12  0:01  Probe (Chrono Boost)  
  13  0:11  Probe (Chrono Boost)  
  14  0:24  Probe (Chrono Boost), Pylon  
  15  0:32  Pylon  
  15  0:35  Assimilator  
  15  0:50  Probe (Chrono Boost)  
  15  0:55  Gateway  
  16  1:00  Probe (Chrono Boost)  
  18  1:11  Probe (Chrono Boost)  
  18  1:22  Probe (Chrono Boost)  
  19  1:25  Nexus  
  19  1:32  Probe (Chrono Boost)  
  20  1:42  Cybernetics Core  
  20  1:51  Pylon  
  20  1:52  Probe (Chrono Boost)  
  21  1:57  Assimilator  
  21  2:02  Probe (Chrono Boost)  
  22  2:13  Probe (Chrono Boost)  
  23  2:17  Gateway  
  23  2:23  Probe (Chrono Boost)  
  24  2:30  Adept  
  24  2:34  Probe (Chrono Boost)  
  27  2:40  Robotics Facility  
  27  2:43  Probe (Chrono Boost)  
  28  2:44  Probe (Chrono Boost)  
  29  2:52  Warp Gate (Chrono Boost)  
  29  2:54  Mothership Core (Chrono Boost)  
  31  2:59  Probe (Chrono Boost)  
  31  3:01  Adept  
  34  3:08  Adept  
  37  3:13  Probe x2 (Chrono Boost)  
  37  3:19  Pylon  
  37  3:33  Warp Prism  
  39  3:50  Probe  
  39  3:51  Probe  
  39  3:55  Adept  
  43  3:57  Adept  
  43  4:01  Probe  
  44  4:02  Gateway  
  44  4:03  Gateway  
  44  4:04  Probe  
  45  4:11  Probe  
  46  4:22  Adept, Observer  
  49  4:24  Adept  
  49  4:27  Gateway  
  51  4:34  Robotics Bay  
  51  4:37  Twilight Council  
  51  4:39  Pylon  
  51  4:40  Probe  
  50  5:00  Probe  
  50  5:02  Probe  
  50  5:06  Adept  
  50  5:07  Adept  
  55  5:14  Probe, Resonating Glaives  
  55  5:24  Disruptor  
  55  5:25  Probe  
  55  5:27  Probe  
  58  5:30  Pylon  
  58  5:33  Assimilator  
  56  5:36  Probe  
  56  5:37  Assimilator  
  56  5:39  Probe  
  58  5:46  Probe  
  59  5:51  Probe  
  59  5:55  Pylon  
  60  5:57  Probe  
  60  6:01  Adept x2  
  65  6:04  Disruptor (Chrono Boost)  
  68  6:17  Nexus  
  68  6:20  Pylon  
  68  6:22  Pylon  
  68  6:25  Forge, Pylon  
  68  6:27  Gravitic Drive  
  68  6:35  Adept x2  
  68  6:53  Stalker x3  
  74  6:59  Photon Cannon  
  64  7:02  Pylon  
  64  7:05  Pylon  
  64  7:08  Pylon  
  64  7:17  Stargate  
  64  7:19  Stalker  
  66  7:33  Stalker x3  
  71  7:44  Adept  
Show
View Real Time Build Order
Export as new Build Order

半杯水 Zerg - Winner!

Build Orders: 3 Hatch before Pool 

Get SALT Encoding   

  12  0:00  Drone  
  13  0:09  Drone  
  14  0:17  Overlord  
  14  0:36  Drone x3  
  17  0:52  Hatchery  
  16  0:57  Drone  
  16  0:59  Drone  
  18  1:11  Drone  
  19  1:25  Hatchery  
  18  1:27  Drone  
  19  1:35  Drone  
  19  1:39  Extractor  
  19  1:47  Spawning Pool  
  19  1:49  Drone  
  19  1:52  Drone  
  20  2:08  Drone x2  
  22  2:19  Drone x2  
  24  2:23  Overlord  
  24  2:28  Drone  
  25  2:35  Zergling x2  
  25  2:36  Zergling x2  
  27  2:39  Drone  
  27  2:43  Metabolic Boost  
  28  2:45  Queen  
  28  2:46  Queen  
  32  2:54  Queen  
  34  3:08  Drone x5  
  34  3:11  Overlord  
  39  3:20  Drone x3  
  42  3:27  Lair  
  42  3:31  Zergling x4  
  44  3:44  Drone x6  
  44  3:45  Spore Crawler  
  48  3:57  Drone x2  
  48  3:59  Overlord x2  
  50  4:05  Extractor x2  
  48  4:14  Drone  
  48  4:15  Drone  
  50  4:19  Drone x7  
  57  4:26  Hatchery  
  57  4:30  Extractor  
  55  4:33  Spire  
  53  4:57  Drone x11  
  61  5:18  Zergling x10  
  58  5:32  Zergling x16  
  66  5:43  Drone x6  
  72  5:53  Overlord x4  
  72  5:54  Overlord x3  
  72  6:11  Queen  
  74  6:13  Overseer  
  74  6:21  Mutalisk  
  74  6:22  Mutalisk x7  
  74  6:25  Zergling x12  
  96  6:35  Extractor x2  
  93  6:44  Mutalisk x2  
  97  6:57  Mutalisk  
  99  7:01  Zergling x2  
  99  7:02  Zergling x28  
  115  7:08  Drone  
  115  7:09  Drone x3  
  118  7:20  Evolution Chamber  
  118  7:21  Evolution Chamber  
Tags
 
Add a new tag
Caveats
  • Supply blocks, unpowered buildings, or Contaminate may cause inaccurate times.
  • Supply counts are checked every 10 seconds.